 Dungeon Crawl Stone Soup version 0.29-a0-1023-g6ae1a4a2c7 (webtiles) character file.

Game seed: 8883962201641138954

926 nickcage the Spear-Bearer (level 8, -4/49 (56) HPs)
             Began as a Merfolk Gladiator on Aug 11, 2022.
             Slain by a bullfrog (6 damage)
             ... on level 6 of the Dungeon.
             The game lasted 00:11:08 (4431 turns).

nickcage the Spear-Bearer (Merfolk Gladiator)       Turns: 4431, Time: 00:11:08

HP:   -4/49 (56)    AC: 10    Str: 17    XL:     8   Next: 10%
MP:   8/8           EV:  8    Int:  7    God:
Gold: 214           SH:  0    Dex: 15    Spells: 7/7 levels left

rFire   . . .      SeeInvis .   a - +1 trident
rCold   + . .      Faith    .   t - orb {light}
rNeg    . . .      Spirit   .   w - +0 chain mail
rPois   .          Reflect  .   c - +1 helmet
rElec   .          Harm     .   (no cloak)
rCorr   +          Rampage  .   (no gloves)
Will    .....                   (no boots)
Stlth   ..........              v - amulet of regeneration
HPRegen 0.96/turn               i - ring of resist corrosion
MPRegen 0.11/turn               B - ring of protection from cold

@: glowing, heavily drained
A: (nimble swimmer 2), mertail
a: no special abilities


You were on level 6 of the Dungeon.
You visited 1 branch of the dungeon, and saw 6 of its levels.

You collected 214 gold pieces.

Inventory:

Hand Weapons
 a - a +1 trident (weapon)
 l - a +1 flail of holy wrath
 o - the +10 quarterstaff of Ignis's Pride {drain, *Rage rN+ Dex+2 Stlth+}
   (You found it on level 4 of the Dungeon)

   A truly terrible weapon, it drains the life of any living foe it strikes.
   Dex:       It affects your dexterity (+2).
   rN:        It protects you from negative energy.
   *Rage:     It berserks you when you make melee attacks (+20% chance).
   Stlth:     It makes you more stealthy.
Missiles
 d - 3 throwing nets (quivered)
 e - a javelin
Armour
 b - a +0 leather armour
 c - a +1 helmet (worn)
 n - a +0 ring mail
 q - a +0 scale mail
 t - an orb of light (worn)
 w - a +0 chain mail (worn)
Jewellery
 i - a ring of resist corrosion (left hand)
 k - a ring of ice
 r - a ring of flight
 v - an amulet of regeneration (around neck)
 B - a ring of protection from cold (right hand)
Wands
 y - a wand of iceblast (11)
Scrolls
 m - a scroll of immolation
 s - a scroll of enchant armour
Potions
 f - 2 potions of magic
 g - 7 potions of degeneration
 j - 3 potions of heal wounds
 p - a potion of haste
 u - a potion of flight
 x - a potion of berserk rage
 z - a potion of curing
 A - a potion of mutation {unknown}


   Skills:
 - Level 2.1 Fighting
 + Level 12.3 Polearms
 - Level 2.0 Throwing
 - Level 4.0 Dodging


You had 7 spell levels left.
You didn't know any spells.
Your spell library was empty.

Dungeon Overview and Level Annotations

Branches:
Dungeon (6/15)
 Temple: D:4-7

Altars:
Dithmenos
Fedhas
Xom


Innate Abilities, Weirdness & Mutations

((You are very nimble when in or above water. (Stealth+, EV+, Speed+++)))
Your lower body shifts to a powerful aquatic tail in water.


Message History

The sentinel's mark upon you fades away.
The bullfrog gives a loud, deep croak!
A kobold comes into view. It is wielding a +0 short sword.
The kobold shouts!
A kobold brigand and a kobold come into view.
The kobold brigand is wielding a +0 dagger and quivering poisoned darts.
The kobold brigand shouts!
The kobold shouts!
You hear a shout! 2 kobolds come into view.
A kobold is wielding a +0 short sword and quivering poisoned darts.
The kobold shouts! x2
The kobold misses you.
You puncture the kobold!
You kill the kobold!
You puncture the kobold!
You kill the kobold!
The kobold brigand hits you with a +0 dagger.
* * * LOW HITPOINT WARNING * * *
The kobold brigand hits you with a +0 dagger.
* * * LOW HITPOINT WARNING * * *
Items here: ( )) ††.
You hit the kobold.
The kobold is severely wounded.
The bullfrog hits you.
* * * LOW HITPOINT WARNING * * *
You closely miss the kobold.
The kobold is severely wounded.
The kobold hits you but does no damage. The kobold barely misses you.
The kobold brigand closely misses you.
The bullfrog hits you but does no damage.
You barely miss the kobold.
The kobold is severely wounded.
The bullfrog hits you but does no damage.
The kobold misses you.
The kobold hits you with a +0 short sword.
* * * LOW HITPOINT WARNING * * *
The kobold brigand barely misses you.
You hit the kobold.
You kill the kobold!
The bullfrog hits you.
You die...

......# #+#
#....##
...##.....#
..........#
........?.#
#..##.....#
# #.....#
+...F##
#..K@#
#..K<+
#....#
#....#
#....#
#....#
#....#
#....#


You could see a kobold brigand, a bullfrog and a kobold.

Vanquished Creatures
  A water moccasin (D:4)
  2 black bears (D:5)
  2 phantoms (D:4)
  A necrophage (D:5)
  A jelly (D:5)
  2 hounds
  An orc priest (D:5)
  3 orc wizards
  A mummy (D:4)
  4 adders
  6 gnolls
  4 worms
  3 dart slugs (D:4)
  11 orcs
  9 endoplasms
  3 giant cockroaches
  8 goblins
  13 hobgoblins
  5 jackals
  5 quokkas
  8 ball pythons
  5 bats
  4 frilled lizards
  A hobgoblin zombie (D:4)
  9 kobolds
  3 orc zombies (D:4)
  6 rats
121 creatures vanquished.

Vanquished Creatures (others)
  A plant (D:3)
1 creature vanquished.

Grand Total: 122 creatures vanquished

Notes
Turn   | Place    | Note
-------+----------+-------------------------------------------
     0 | D:1      | nickcage the Merfolk Gladiator began the quest for the Orb.
     0 | D:1      | Reached XP level 1. HP: 16/16 MP: 1/1
   272 | D:1      | Reached XP level 2. HP: 22/22 MP: 2/2
   332 | D:1      | Reached skill level 5 in Polearms
   576 | D:1      | Reached XP level 3. HP: 27/27 MP: 3/3
   857 | D:1      | Found a faded altar of an unknown god.
  1246 | D:2      | Reached skill level 6 in Polearms
  1347 | D:2      | Reached XP level 4. HP: 13/33 MP: 4/4
  2440 | D:3      | Reached skill level 7 in Polearms
  2463 | D:3      | Found a blossoming altar of Fedhas.
  2747 | D:3      | Found a shimmering altar of Xom.
  2766 | D:3      | Found a shimmering altar of Xom.
  2767 | D:3      | Found a shimmering altar of Xom.
  2770 | D:3      | Found a shimmering altar of Xom.
  2771 | D:3      | Found a shimmering altar of Xom.
  2771 | D:3      | Found a shimmering altar of Xom.
  2773 | D:3      | Found a shimmering altar of Xom.
  2869 | D:4      | Reached XP level 5. HP: 38/38 MP: 5/5
  2909 | D:4      | Noticed a phantom
  2919 | D:4      | Killed a phantom
  2920 | D:4      | Reached skill level 8 in Polearms
  2932 | D:4      | Reached XP level 6. HP: 31/44 MP: 6/6
  3195 | D:4      | Reached skill level 9 in Polearms
  3200 | D:4      | Identified the +3 short sword "Undertaker" {holy, rPois
                  | Str+4 Dex+2 Stlth+}
  3301 | D:4      | Noticed a water moccasin
  3334 | D:4      | Killed a water moccasin
  3335 | D:4      | Reached skill level 10 in Polearms
  3335 | D:4      | Reached XP level 7. HP: 34/50 MP: 7/7
  3372 | D:4      | Identified the +10 quarterstaff of Ignis's Pride {drain,
                  | *Rage rN+ Dex+2 Stlth+}
  3472 | D:5      | Entered Level 5 of the Dungeon
  3548 | D:5      | Found a shadowy altar of Dithmenos.
  3581 | D:5      | Reached skill level 11 in Polearms
  3878 | D:5      | Reached skill level 12 in Polearms
  3878 | D:5      | Reached XP level 8. HP: 56/56 MP: 8/8
  4428 | D:6      | HP: 2/49 [bullfrog (3)]
  4431 | D:6      | Slain by a bullfrog

Illustrated notes

Levels and vault maps discovered:
D:1:      doesnt_arrival_eight_statues, layout_loops_ring,
          basic_ecumenical_altar, minmay_domino_2
D:2:      layout_loops_ring
D:3:      layout_rooms, fedhas_altar_1, nicolae_xom_altar_mimics
D:4:      minmay_chambers_of_fours, layout_rooms, minmay_mini_ossuary
D:5:      layout_basic, mainiacjoe_overflow_cross_hatched
D:6:      layout_gridville, temple_pool_b, ebering_ghost_gozag, serial_shops,
          kennysheep_little_box, minmay_manual_monstrance, uniq_grinder,
          uniq_pikel, uniq_blork_the_orc

Skill      XL: |  1  2  3  4  5  6  7 |
---------------+----------------------+-----
Polearms       | 5 6 7 8 10 12 | 12.3
Fighting       | |  2.1
Throwing       | |  2.0
Dodging        | |  4.0

Action                   |  1- 3 |  4- 6 |  7- 9 || total
-------------------------+-------+-------+-------++-------
Melee: Trident           |   134 |   188 |    95 ||   417
  Use: Scroll            |       |    13 |     2 ||    15
 Stab: Sleeping          |     5 |       |       ||     5
Armor: Leather armour    |    19 |       |       ||    19
       Ring mail         |     2 |     2 |       ||     4
       Scale mail        |       |    16 |       ||    16
       Chain mail        |       |    50 |    36 ||    86
Dodge: Dodged            |    55 |    71 |    36 ||   162

Table legend: (Time is in decaauts)
 A = Elapsed time spent in this place.
 B = Non-inter-level travel time spent in this place.
 C = Inter-level travel time spent in this place.
 D = Time resting spent in this place.
 E = Time spent auto-exploring this place.
 F = Levels seen in this place.
 G = Mean time per level.
                   A        B        C        D        E       F      G
               +--------+--------+--------+--------+--------+-----+--------+
         Total |   4391 |   4249 |    142 |    669 |   2767 |   6 |  731.8 |
       Dungeon |   4391 |   4249 |    142 |    669 |   2767 |   6 |  731.8 |
               +--------+--------+--------+--------+--------+-----+--------+

Top non-repeatable levels by time:
     D:2: 1272 daAuts
     D:1: 1107 daAuts
     D:5: 876 daAuts
     D:4: 626 daAuts
     D:3: 452 daAuts
     D:6: 55 daAuts
